Lightning vs Rangers

Created - March 3 2012 at 11:52

Goals
1 2 3 T
Lightning 1 1 1 3
Rangers 1 2 3 6
Shots
1 2 3 T
Lightning 12 13 8 33
Rangers 6 11 10 27

Period #1

1. Rangers , Stephane Robidas 9 (Mike Cammalleri, Marc Staal) at 4:57
2. Lightning , Scott Hartnell 8 (Teddy Purcell, Tim Gleason) at 16:52

Penalties :
Radim Vrbata (NYR) for Holding (Minor) at 1:16, Keith Ballard (NYR) for Fighting (Major) at 6:25, Martin Havlat (TBL) for Fighting (Major) at 6:25, Patrick Sharp (TBL) for Holding (Minor) at 19:56

Period #2

3. Rangers , Guillaume Latendresse 9 (Scott Gomez, Kyle Okposo) at 5:52
4. Lightning , Teddy Purcell 10 (Brent Seabrook, Scott Hartnell) at 16:06
5. Rangers , Frans Nielsen 11 (Radim Vrbata, Rene Bourque) at 19:26 (PP)

Penalties :
Keith Ballard (NYR) for High sticking (Minor) at 7:30, Stephane Robidas (NYR) for Interference (Minor) at 13:42, Tim Gleason (TBL) for Tripping (Minor) at 18:12

Period #3

6. Rangers , Rene Bourque 13 (Marc Staal, Radim Vrbata) at 3:20 (PP)
7. Rangers , David Perron 20 (Vinny Prospal, Mike Cammalleri) at 4:38 (PP)
8. Rangers , Stephane Robidas 10 (Marc Staal, Troy Brouwer) at 5:37
9. Lightning , Scott Hartnell 9 (Teddy Purcell) at 17:41

Penalties :
Andy Sutton (TBL) for Tripping (Minor) at 2:14, Paul Stastny (TBL) for Tripping (Minor) at 3:40, Paul Stastny (TBL) for Roughing (Minor) at 7:12, Stephane Robidas (NYR) for Hooking (Minor) at 12:25, Tom Pyatt (NYR) for Tripping (Minor) at 15:17

Goalie Stats

Jaroslav Halak (TBL), 15 saves from 21 shots - (0.714), L, 13-11-1, 45:37 minutes
Cory Schneider (TBL), 6 saves from 6 shots - (1.000), 14:23 minutes
Niklas Backstrom (NYR), 30 saves from 33 shots - (0.909), W, 22-26-2, 60:00 minutes

Players Stats

Lightning
Player Name              G  A  P  +/- PIM S  H  SB FO    MP 
------------------------------------------------------------
Andrej Meszaros          0  0  0  -2  0   0  3  1  0/0   20 
Andy Sutton              0  0  0   1  2   0  2  0  0/0   18 
Barret Jackman           0  0  0   0  0   0  0  1  0/0   6  
Brent Seabrook           0  1  1   1  0   0  6  0  0/0   19 
John Erskine             0  0  0   0  0   0  2  2  0/0   6  
Josh Gorges              0  0  0  -2  0   0  1  2  0/0   20 
Marcel Goc               0  0  0   2  0   2  0  0  12/19 15 
Marek Zidlicky           0  0  0   0  0   2  0  1  0/0   15 
Martin Havlat            0  0  0  -2  5   3  1  0  1/3   19 
Martin St. Louis         0  0  0   0  0   1  0  1  1/2   20 
Nick Spaling             0  0  0   0  0   0  1  1  0/0   4  
Patrick Kane             0  0  0   0  0   8  1  0  0/0   21 
Patrick Sharp            0  0  0  -2  2   4  4  0  1/2   21 
Paul Stastny             0  0  0   0  4   2  1  0  17/31 21 
Scott Hartnell           2  1  3   2  0   7  2  0  0/0   12 
Teddy Purcell            1  2  3   2  0   3  0  0  1/1   16 
Tim Gleason              0  1  1   2  2   1  1  0  0/0   17 
Tomas Plekanec           0  0  0  -2  0   0  1  0  18/38 23 
Rangers
Player Name              G  A  P  +/- PIM S  H  SB FO    MP 
------------------------------------------------------------
Ben Lovejoy              0  0  0   1  0   2  0  0  0/0   14 
David Perron             1  0  1   0  0   1  2  0  1/2   13 
Francois Beauchemin      0  0  0  -2  0   0  0  2  0/0   22 
Frans Nielsen            1  0  1  -1  0   3  0  0  14/27 22 
Guillaume Latendresse    1  0  1   1  0   2  1  0  1/1   13 
Keith Ballard            0  0  0   1  7   0  1  2  0/0   16 
Kyle Okposo              0  1  1   1  0   1  0  0  0/1   14 
Luke Schenn              0  0  0  -2  0   2  4  1  0/0   22 
Marc Staal               0  3  3   1  0   2  2  1  0/0   23 
Mike Cammalleri          0  2  2   0  0   5  0  2  0/0   18 
Radim Vrbata             0  2  2  -2  2   1  0  0  1/2   19 
Rene Bourque             1  1  2  -2  0   3  0  1  0/1   19 
Scott Gomez              0  1  1   1  0   1  1  1  11/26 18 
Scottie Upshall          0  0  0   1  0   0  0  0  0/0   5  
Stephane Robidas         2  0  2   1  4   3  3  3  0/0   21 
Tom Pyatt                0  0  0   0  2   0  1  1  5/11  11 
Troy Brouwer             0  1  1   1  0   0  0  0  2/2   5  
Vinny Prospal            0  1  1   0  0   1  1  0  10/23 15 

3 Stars

1 - Scott Hartnell (TBL)
2 - Teddy Purcell (TBL)
3 - Marc Staal (NYR)

Power Play

Lightning - 0 on 5 Attempt(s) - 0.00%
Rangers - 3 on 5 Attempt(s) - 60.00%

Penalty Kill

Lightning - 2 on 5 Attempt(s) - 40.00% - Score 0 goal in Penalty Kill
Rangers - 5 on 5 Attempt(s) - 100.00% - Score 0 goal in Penalty Kill

Game Notes

Keith Ballard and Martin Havlat fight to a draw at 6:25 of 1st period
Cory Schneider enters game at 5:37 of 3rd period

Finance

Level 1 -- Attendance: 3334 (51.29%) -- Ticket Income $416,750.00
Level 2 -- Attendance: 2598 (51.96%) -- Ticket Income $194,850.00
Level 3 -- Attendance: 1824 (52.11%) -- Ticket Income $91,200.00
Level 4 -- Attendance: 1798 (81.73%) -- Ticket Income $44,950.00
Luxury Box -- Attendance: 584 (58.40%) -- Ticket Income $146,000.00
Game was played at the Madison Square Garden
Total Attendance: 10138 (55.70%)
Total Ticket Income: $929,155.60
Other Income: $220,335.30
Total Income: $1,149,491.00


Play by Play

Period #1

0:01 of 1st period - David Perron wins face-off versus Paul Stastny in neutral zone.
0:22 of 1st period - Shot by Martin St. Louis.
0:22 of 1st period - Shot Blocked by Mike Cammalleri.
0:24 of 1st period - Shot by Patrick Kane.
0:24 of 1st period - Stopped by Niklas Backstrom without a rebound.
0:25 of 1st period - Tomas Plekanec wins face-off versus Radim Vrbata in Rangers zone.
0:33 of 1st period - Martin Havlat is hit by Luke Schenn and loses puck.
1:16 of 1st period - Minor Penalty to Radim Vrbata for Holding.
1:17 of 1st period - Paul Stastny wins face-off versus Scott Gomez in Rangers zone.
1:35 of 1st period - Icing by Paul Stastny.
1:36 of 1st period - Frans Nielsen wins face-off versus Paul Stastny in Lightning zone.
3:10 of 1st period - Shot by Martin St. Louis.
3:10 of 1st period - Shot Blocked by Stephane Robidas.
3:14 of 1st period - Shot by Brent Seabrook.
3:14 of 1st period - Deflect By Patrick Kane.
3:14 of 1st period - Shot Misses the Net.
3:16 of 1st period - Shot by Patrick Kane.
3:16 of 1st period - Stopped by Niklas Backstrom without a rebound.
3:17 of 1st period - Marcel Goc wins face-off versus Scott Gomez in Rangers zone.
3:22 of 1st period - Shot by Scott Hartnell.
3:22 of 1st period - Shot Misses the Net.
3:32 of 1st period - Shot by Scott Hartnell.
3:32 of 1st period - Stopped by Niklas Backstrom without a rebound.
3:33 of 1st period - Tomas Plekanec wins face-off versus Frans Nielsen in Rangers zone.
4:25 of 1st period - Icing by Frans Nielsen.
4:26 of 1st period - Paul Stastny wins face-off versus Frans Nielsen in Rangers zone.
4:35 of 1st period - Shot by Paul Stastny.
4:35 of 1st period - Shot Blocked by Francois Beauchemin.
4:37 of 1st period - Shot by Teddy Purcell.
4:37 of 1st period - Deflect By Patrick Kane.
4:37 of 1st period - Stopped by Niklas Backstrom without a rebound.
4:38 of 1st period - Teddy Purcell wins face-off versus Vinny Prospal in Rangers zone.
4:57 of 1st period - Shot by Stephane Robidas.
4:57 of 1st period - Goal by Stephane Robidas - Lightning : 0 - Rangers : 1.
4:58 of 1st period - Scott Gomez wins face-off versus Paul Stastny in neutral zone.
5:02 of 1st period - Icing by Brent Seabrook.
5:03 of 1st period - Guillaume Latendresse wins face-off versus Martin St. Louis in Lightning zone.
5:16 of 1st period - Shot by Ben Lovejoy.
5:16 of 1st period - Stopped by Jaroslav Halak without a rebound.
5:17 of 1st period - Tomas Plekanec wins face-off versus Vinny Prospal in Lightning zone.
5:29 of 1st period - Shot by Patrick Sharp.
5:29 of 1st period - Shot Blocked by Mike Cammalleri.
5:33 of 1st period - Shot by Patrick Sharp.
5:33 of 1st period - Stopped by Niklas Backstrom without a rebound.
5:34 of 1st period - Marcel Goc wins face-off versus Scott Gomez in Rangers zone.
5:43 of 1st period - Shot by Teddy Purcell.
5:43 of 1st period - Shot Blocked by Keith Ballard.
5:45 of 1st period - Shot by Scott Hartnell.
5:45 of 1st period - Stopped by Niklas Backstrom without a rebound.
5:46 of 1st period - Paul Stastny wins face-off versus Tom Pyatt in Rangers zone.
5:46 of 1st period - Patrick Kane is hit by Stephane Robidas and loses puck.
6:00 of 1st period - Off-side.
6:01 of 1st period - Scott Gomez wins face-off versus Tomas Plekanec in neutral zone.
6:25 of 1st period - Keith Ballard and Martin Havlat fight to a draw.
6:25 of 1st period - Penalty to Keith Ballard for Fighting.
6:25 of 1st period - Penalty to Martin Havlat for Fighting.
6:26 of 1st period - Vinny Prospal wins face-off versus Paul Stastny in Lightning zone.
6:26 of 1st period - Vinny Prospal is hit by Brent Seabrook.
6:32 of 1st period - Shot by Mike Cammalleri.
6:32 of 1st period - Shot Blocked by Marek Zidlicky.
6:34 of 1st period - Shot by Mike Cammalleri.
6:34 of 1st period - Stopped by Jaroslav Halak without a rebound.
6:35 of 1st period - Marcel Goc wins face-off versus Tom Pyatt in Lightning zone.
7:48 of 1st period - Shot by Patrick Kane.
7:48 of 1st period - Shot Misses the Net.
7:52 of 1st period - Shot by Martin St. Louis.
7:52 of 1st period - Shot Misses the Net.
7:54 of 1st period - Shot by Brent Seabrook.
7:54 of 1st period - Shot Blocked by Tom Pyatt.
7:58 of 1st period - Shot by Paul Stastny.
7:58 of 1st period - Stopped by Niklas Backstrom without a rebound.
7:59 of 1st period - Frans Nielsen wins face-off versus Tomas Plekanec in Rangers zone.
8:19 of 1st period - Shot by Frans Nielsen.
8:19 of 1st period - Stopped by Jaroslav Halak without a rebound.
8:20 of 1st period - Paul Stastny wins face-off versus Scott Gomez in Lightning zone.
8:31 of 1st period - Kyle Okposo is hit by John Erskine and loses puck.
9:53 of 1st period - Shot by Vinny Prospal.
9:53 of 1st period - Stopped by Jaroslav Halak without a rebound.
9:54 of 1st period - Scott Gomez wins face-off versus Marcel Goc in Lightning zone.
9:54 of 1st period - Ben Lovejoy is hit by Andy Sutton and loses puck.
10:07 of 1st period - Shot by Kyle Okposo.
10:07 of 1st period - Stopped by Jaroslav Halak without a rebound.
10:08 of 1st period - Vinny Prospal wins face-off versus Paul Stastny in Lightning zone.
10:12 of 1st period - Vinny Prospal is hit by John Erskine and loses puck.
10:59 of 1st period - Icing by Ben Lovejoy.
11:00 of 1st period - Paul Stastny wins face-off versus Scott Gomez in Rangers zone.
11:03 of 1st period - Shot by Martin St. Louis.
11:03 of 1st period - Stopped by Niklas Backstrom without a rebound.
11:04 of 1st period - Tomas Plekanec wins face-off versus Frans Nielsen in Rangers zone.
12:13 of 1st period - Icing by Tim Gleason.
12:14 of 1st period - Marcel Goc wins face-off versus Vinny Prospal in Lightning zone.
12:39 of 1st period - Shot by Martin St. Louis.
12:39 of 1st period - Deflect By Patrick Kane.
12:39 of 1st period - Shot Misses the Net.
12:43 of 1st period - Shot by Patrick Kane.
12:43 of 1st period - Stopped by Niklas Backstrom without a rebound.
12:44 of 1st period - Tom Pyatt wins face-off versus Tomas Plekanec in Rangers zone.
14:38 of 1st period - Mike Cammalleri is hit by Scott Hartnell and loses puck.
14:51 of 1st period - Teddy Purcell is hit by Marc Staal and loses puck.
14:54 of 1st period - Shot by Teddy Purcell.
14:54 of 1st period - Stopped by Niklas Backstrom with a rebound.
14:56 of 1st period - Shot by Scott Hartnell.
14:56 of 1st period - Stopped by Niklas Backstrom with a rebound.
15:09 of 1st period - Icing by Mike Cammalleri.
15:10 of 1st period - Paul Stastny wins face-off versus David Perron in Rangers zone.
15:10 of 1st period - Paul Stastny is hit by Marc Staal.
15:27 of 1st period - Paul Stastny is hit by Stephane Robidas and loses puck.
16:11 of 1st period - Martin St. Louis is hit by Luke Schenn and loses puck.
16:52 of 1st period - Shot by Scott Hartnell.
16:52 of 1st period - Goal by Scott Hartnell - Lightning : 1 - Rangers : 1.
16:53 of 1st period - Scott Gomez wins face-off versus Paul Stastny in neutral zone.
19:52 of 1st period - Luke Schenn is hit by Tomas Plekanec and loses puck.
19:56 of 1st period - Minor Penalty to Patrick Sharp for Holding.
19:57 of 1st period - Tomas Plekanec wins face-off versus Vinny Prospal in Lightning zone.
19:57 of 1st period - Tomas Plekanec is hit by David Perron.

Period #2

0:01 of 2nd period - Tomas Plekanec wins face-off versus Vinny Prospal in neutral zone.
0:14 of 2nd period - Shot by Mike Cammalleri.
0:14 of 2nd period - Stopped by Jaroslav Halak without a rebound.
0:15 of 2nd period - Radim Vrbata wins face-off versus Tomas Plekanec in Lightning zone.
0:15 of 2nd period - Radim Vrbata is hit by Josh Gorges.
0:22 of 2nd period - Radim Vrbata is hit by Brent Seabrook and loses puck.
0:25 of 2nd period - Shot by Marc Staal.
0:25 of 2nd period - Shot Blocked by Josh Gorges.
0:27 of 2nd period - Shot by Luke Schenn.
0:27 of 2nd period - Shot Blocked by Nick Spaling.
0:29 of 2nd period - Shot by Frans Nielsen.
0:29 of 2nd period - Stopped by Jaroslav Halak without a rebound.
0:30 of 2nd period - Vinny Prospal wins face-off versus Marcel Goc in Lightning zone.
0:38 of 2nd period - Icing by Mike Cammalleri.
0:39 of 2nd period - Vinny Prospal wins face-off versus Tomas Plekanec in Rangers zone.
0:39 of 2nd period - Vinny Prospal is hit by Nick Spaling.
0:58 of 2nd period - Shot by Vinny Prospal.
0:58 of 2nd period - Shot Misses the Net.
1:00 of 2nd period - Shot by Stephane Robidas.
1:00 of 2nd period - Stopped by Jaroslav Halak with a rebound.
1:02 of 2nd period - Shot by Francois Beauchemin.
1:02 of 2nd period - Shot Misses the Net.
1:37 of 2nd period - Shot by Rene Bourque.
1:37 of 2nd period - Shot Misses the Net.
1:39 of 2nd period - Shot by Marc Staal.
1:39 of 2nd period - Stopped by Jaroslav Halak without a rebound.
1:40 of 2nd period - Frans Nielsen wins face-off versus Marcel Goc in Lightning zone.
1:50 of 2nd period - Icing by Radim Vrbata.
1:51 of 2nd period - Frans Nielsen wins face-off versus Marcel Goc in Rangers zone.
2:52 of 2nd period - Shot by Patrick Sharp.
2:52 of 2nd period - Shot Blocked by Keith Ballard.
2:54 of 2nd period - Shot by Marcel Goc.
2:54 of 2nd period - Stopped by Niklas Backstrom with a rebound.
2:56 of 2nd period - Shot by Marcel Goc.
2:56 of 2nd period - Shot Misses the Net.
3:00 of 2nd period - Shot by Scott Hartnell.
3:00 of 2nd period - Shot Misses the Net.
3:02 of 2nd period - Shot by Patrick Sharp.
3:02 of 2nd period - Stopped by Niklas Backstrom without a rebound.
3:03 of 2nd period - Vinny Prospal wins face-off versus Tomas Plekanec in Rangers zone.
5:40 of 2nd period - Shot by Guillaume Latendresse.
5:40 of 2nd period - Shot Misses the Net.
5:42 of 2nd period - Shot by Ben Lovejoy.
5:42 of 2nd period - Shot Blocked by Andrej Meszaros.
5:50 of 2nd period - Shot by Kyle Okposo.
5:50 of 2nd period - Deflect By Guillaume Latendresse.
5:50 of 2nd period - Shot Misses the Net.
5:52 of 2nd period - Shot by Scott Gomez.
5:52 of 2nd period - Deflect By Guillaume Latendresse.
5:52 of 2nd period - Goal by Guillaume Latendresse - Lightning : 1 - Rangers : 2.
5:53 of 2nd period - Frans Nielsen wins face-off versus Marcel Goc in neutral zone.
7:23 of 2nd period - Icing by Josh Gorges.
7:24 of 2nd period - Tomas Plekanec wins face-off versus Scott Gomez in Lightning zone.
7:30 of 2nd period - Minor Penalty to Keith Ballard for High sticking.
7:31 of 2nd period - Paul Stastny wins face-off versus Scott Gomez in Rangers zone.
7:49 of 2nd period - Martin St. Louis is hit by Luke Schenn and loses puck.
8:38 of 2nd period - Shot by Patrick Sharp.
8:38 of 2nd period - Stopped by Niklas Backstrom without a rebound.
8:39 of 2nd period - Frans Nielsen wins face-off versus Paul Stastny in Rangers zone.
8:45 of 2nd period - Icing by Martin Havlat.
8:46 of 2nd period - Frans Nielsen wins face-off versus Paul Stastny in Lightning zone.
9:05 of 2nd period - Marc Staal is hit by Paul Stastny and loses puck.
9:42 of 2nd period - Shot by Scott Hartnell.
9:42 of 2nd period - Shot Misses the Net.
9:46 of 2nd period - Shot by Teddy Purcell.
9:46 of 2nd period - Shot Misses the Net.
9:50 of 2nd period - Shot by Scott Hartnell.
9:50 of 2nd period - Shot Blocked by Scott Gomez.
9:52 of 2nd period - Shot by Teddy Purcell.
9:52 of 2nd period - Deflect By Marcel Goc.
9:52 of 2nd period - Stopped by Niklas Backstrom without a rebound.
9:53 of 2nd period - Paul Stastny wins face-off versus Frans Nielsen in Rangers zone.
9:54 of 2nd period - Shot by Patrick Kane.
9:54 of 2nd period - Stopped by Niklas Backstrom without a rebound.
9:55 of 2nd period - Paul Stastny wins face-off versus Frans Nielsen in Rangers zone.
10:08 of 2nd period - Shot by Paul Stastny.
10:08 of 2nd period - Shot Misses the Net.
10:12 of 2nd period - Shot by Patrick Kane.
10:12 of 2nd period - Shot Misses the Net.
10:14 of 2nd period - Shot by Teddy Purcell.
10:14 of 2nd period - Shot Misses the Net.
10:18 of 2nd period - Shot by Patrick Kane.
10:18 of 2nd period - Stopped by Niklas Backstrom without a rebound.
10:19 of 2nd period - Scott Gomez wins face-off versus Tomas Plekanec in Rangers zone.
10:34 of 2nd period - Icing by Patrick Sharp.
10:35 of 2nd period - Tom Pyatt wins face-off versus Tomas Plekanec in Lightning zone.
10:41 of 2nd period - Icing by Andrej Meszaros.
10:42 of 2nd period - Vinny Prospal wins face-off versus Martin Havlat in Lightning zone.
11:06 of 2nd period - Off-side.
11:07 of 2nd period - Marcel Goc wins face-off versus Scott Gomez in neutral zone.
11:26 of 2nd period - Icing by Keith Ballard.
11:27 of 2nd period - Scott Gomez wins face-off versus Paul Stastny in Rangers zone.
11:37 of 2nd period - Shot by Scott Gomez.
11:37 of 2nd period - Shot Misses the Net.
11:39 of 2nd period - Shot by Ben Lovejoy.
11:39 of 2nd period - Stopped by Jaroslav Halak without a rebound.
11:40 of 2nd period - Paul Stastny wins face-off versus Frans Nielsen in Lightning zone.
12:13 of 2nd period - Icing by Rene Bourque.
12:14 of 2nd period - Frans Nielsen wins face-off versus Martin Havlat in Rangers zone.
12:14 of 2nd period - Frans Nielsen is hit by Patrick Sharp.
12:19 of 2nd period - Frans Nielsen is hit by Andrej Meszaros and loses puck.
12:34 of 2nd period - Shot by Martin Havlat.
12:34 of 2nd period - Stopped by Niklas Backstrom without a rebound.
12:35 of 2nd period - Marcel Goc wins face-off versus Vinny Prospal in Rangers zone.
12:48 of 2nd period - Vinny Prospal is hit by Scott Hartnell and loses puck.
12:59 of 2nd period - Shot by Teddy Purcell.
12:59 of 2nd period - Shot Misses the Net.
13:03 of 2nd period - Shot by Tim Gleason.
13:03 of 2nd period - Stopped by Niklas Backstrom without a rebound.
13:04 of 2nd period - Tomas Plekanec wins face-off versus Scott Gomez in Rangers zone.
13:08 of 2nd period - Icing by Keith Ballard.
13:09 of 2nd period - Scott Gomez wins face-off versus Paul Stastny in Rangers zone.
13:09 of 2nd period - Scott Gomez is hit by Patrick Kane.
13:14 of 2nd period - Guillaume Latendresse is hit by Brent Seabrook and loses puck.
13:27 of 2nd period - Guillaume Latendresse is hit by Brent Seabrook and loses puck.
13:31 of 2nd period - Icing by Marek Zidlicky.
13:32 of 2nd period - Paul Stastny wins face-off versus Tom Pyatt in Lightning zone.
13:42 of 2nd period - Minor Penalty to Stephane Robidas for Interference.
13:43 of 2nd period - Martin Havlat wins face-off versus Frans Nielsen in Rangers zone.
14:09 of 2nd period - Shot by Patrick Sharp.
14:09 of 2nd period - Shot Blocked by Francois Beauchemin.
14:17 of 2nd period - Shot by Martin Havlat.
14:17 of 2nd period - Stopped by Niklas Backstrom without a rebound.
14:18 of 2nd period - Tomas Plekanec wins face-off versus Scott Gomez in Rangers zone.
14:30 of 2nd period - Icing by Martin St. Louis.
14:31 of 2nd period - Tomas Plekanec wins face-off versus Frans Nielsen in Lightning zone.
14:40 of 2nd period - Shot by Marek Zidlicky.
14:40 of 2nd period - Stopped by Niklas Backstrom without a rebound.
14:41 of 2nd period - Tom Pyatt wins face-off versus Tomas Plekanec in Rangers zone.
14:57 of 2nd period - Shot by Brent Seabrook.
14:57 of 2nd period - Shot Misses the Net.
14:59 of 2nd period - Shot by Marek Zidlicky.
14:59 of 2nd period - Stopped by Niklas Backstrom without a rebound.
15:00 of 2nd period - Frans Nielsen wins face-off versus Paul Stastny in Rangers zone.
15:15 of 2nd period - Shot by Patrick Sharp.
15:15 of 2nd period - Stopped by Niklas Backstrom with a rebound.
15:29 of 2nd period - Shot by Martin Havlat.
15:29 of 2nd period - Shot Blocked by Luke Schenn.
16:06 of 2nd period - Shot by Teddy Purcell.
16:06 of 2nd period - Goal by Teddy Purcell - Lightning : 2 - Rangers : 2.
16:07 of 2nd period - Frans Nielsen wins face-off versus Tomas Plekanec in neutral zone.
16:12 of 2nd period - Icing by Patrick Sharp.
16:13 of 2nd period - Frans Nielsen wins face-off versus Tomas Plekanec in Lightning zone.
16:14 of 2nd period - Shot by Luke Schenn.
16:14 of 2nd period - Stopped by Jaroslav Halak with a rebound.
16:57 of 2nd period - Icing by Josh Gorges.
16:58 of 2nd period - Tomas Plekanec wins face-off versus Vinny Prospal in Lightning zone.
17:02 of 2nd period - Icing by Patrick Sharp.
17:03 of 2nd period - Tomas Plekanec wins face-off versus Scott Gomez in Lightning zone.
17:03 of 2nd period - Tomas Plekanec is hit by Scott Gomez.
17:30 of 2nd period - Martin St. Louis is hit by Keith Ballard and loses puck.
18:12 of 2nd period - Minor Penalty to Tim Gleason for Tripping.
18:13 of 2nd period - Marcel Goc wins face-off versus Vinny Prospal in Lightning zone.
18:37 of 2nd period - Vinny Prospal is hit by Brent Seabrook and loses puck.
18:44 of 2nd period - Shot by Mike Cammalleri.
18:44 of 2nd period - Stopped by Jaroslav Halak with a rebound.
18:46 of 2nd period - Shot by Vinny Prospal.
18:46 of 2nd period - Shot Misses the Net.
18:52 of 2nd period - Shot by Vinny Prospal.
18:52 of 2nd period - Deflect By Mike Cammalleri.
18:52 of 2nd period - Stopped by Jaroslav Halak without a rebound.
18:53 of 2nd period - Martin St. Louis wins face-off versus Frans Nielsen in Lightning zone.
19:10 of 2nd period - Shot by Luke Schenn.
19:10 of 2nd period - Shot Misses the Net.
19:12 of 2nd period - Shot by Marc Staal.
19:12 of 2nd period - Shot Misses the Net.
19:14 of 2nd period - Shot by Marc Staal.
19:14 of 2nd period - Shot Blocked by Martin St. Louis.
19:18 of 2nd period - Shot by Frans Nielsen.
19:18 of 2nd period - Shot Misses the Net.
19:20 of 2nd period - Shot by Rene Bourque.
19:20 of 2nd period - Shot Misses the Net.
19:24 of 2nd period - Shot by Radim Vrbata.
19:24 of 2nd period - Stopped by Jaroslav Halak with a rebound.
19:26 of 2nd period - Shot by Frans Nielsen.
19:26 of 2nd period - Goal by Frans Nielsen - Lightning : 2 - Rangers : 3.
19:27 of 2nd period - Paul Stastny wins face-off versus Tom Pyatt in neutral zone.
19:38 of 2nd period - Patrick Kane is hit by Stephane Robidas and loses puck.

Period #3

0:01 of 3rd period - Paul Stastny wins face-off versus Vinny Prospal in neutral zone.
0:06 of 3rd period - Icing by David Perron.
0:07 of 3rd period - Vinny Prospal wins face-off versus Tomas Plekanec in Rangers zone.
0:20 of 3rd period - Shot by Patrick Sharp.
0:20 of 3rd period - Shot Blocked by Stephane Robidas.
0:24 of 3rd period - Shot by Patrick Sharp.
0:24 of 3rd period - Shot Blocked by Stephane Robidas.
0:54 of 3rd period - Mike Cammalleri is hit by Patrick Sharp and loses puck.
2:14 of 3rd period - Minor Penalty to Andy Sutton for Tripping.
2:15 of 3rd period - Marcel Goc wins face-off versus Vinny Prospal in Lightning zone.
2:15 of 3rd period - Marcel Goc is hit by Vinny Prospal.
3:20 of 3rd period - Shot by Rene Bourque.
3:20 of 3rd period - Goal by Rene Bourque - Lightning : 2 - Rangers : 4.
3:21 of 3rd period - Marcel Goc wins face-off versus Scott Gomez in neutral zone.
3:28 of 3rd period - Shot by Teddy Purcell.
3:28 of 3rd period - Deflect By Scott Hartnell.
3:28 of 3rd period - Stopped by Niklas Backstrom without a rebound.
3:29 of 3rd period - Paul Stastny wins face-off versus Scott Gomez in Rangers zone.
3:40 of 3rd period - Minor Penalty to Paul Stastny for Tripping.
3:41 of 3rd period - Frans Nielsen wins face-off versus Tomas Plekanec in Lightning zone.
4:38 of 3rd period - Shot by David Perron.
4:38 of 3rd period - Goal by David Perron - Lightning : 2 - Rangers : 5.
4:39 of 3rd period - Paul Stastny wins face-off versus Scott Gomez in neutral zone.
4:44 of 3rd period - Shot by Teddy Purcell.
4:44 of 3rd period - Shot Misses the Net.
5:06 of 3rd period - Shot by Scott Gomez.
5:06 of 3rd period - Shot Misses the Net.
5:08 of 3rd period - Shot by Kyle Okposo.
5:08 of 3rd period - Shot Blocked by John Erskine.
5:10 of 3rd period - Shot by Keith Ballard.
5:10 of 3rd period - Shot Blocked by Barret Jackman.
5:14 of 3rd period - Shot by Scott Gomez.
5:14 of 3rd period - Shot Blocked by John Erskine.
5:18 of 3rd period - Shot by Guillaume Latendresse.
5:18 of 3rd period - Stopped by Jaroslav Halak without a rebound.
5:19 of 3rd period - Troy Brouwer wins face-off versus Tomas Plekanec in Lightning zone.
5:23 of 3rd period - Icing by Josh Gorges.
5:24 of 3rd period - Troy Brouwer wins face-off versus Tomas Plekanec in Lightning zone.
5:33 of 3rd period - Shot by Troy Brouwer.
5:33 of 3rd period - Shot Misses the Net.
5:37 of 3rd period - Shot by Stephane Robidas.
5:37 of 3rd period - Goal by Stephane Robidas - Lightning : 2 - Rangers : 6.
5:37 of 3rd period - Cory Schneider enters game.
5:38 of 3rd period - Marcel Goc wins face-off versus Vinny Prospal in neutral zone.
5:45 of 3rd period - Scott Hartnell is hit by David Perron and loses puck.
5:56 of 3rd period - Shot by Mike Cammalleri.
5:56 of 3rd period - Stopped by Cory Schneider without a rebound.
5:57 of 3rd period - Tomas Plekanec wins face-off versus Frans Nielsen in Lightning zone.
6:07 of 3rd period - Icing by Luke Schenn.
6:08 of 3rd period - Paul Stastny wins face-off versus Rene Bourque in Rangers zone.
6:21 of 3rd period - Shot by Patrick Kane.
6:21 of 3rd period - Deflect By Martin St. Louis.
6:21 of 3rd period - Shot Misses the Net.
6:23 of 3rd period - Shot by Patrick Kane.
6:23 of 3rd period - Stopped by Niklas Backstrom without a rebound.
6:24 of 3rd period - Scott Gomez wins face-off versus Tomas Plekanec in Rangers zone.
6:28 of 3rd period - Ben Lovejoy is hit by Andrej Meszaros and loses puck.
6:43 of 3rd period - Shot by Patrick Sharp.
6:43 of 3rd period - Shot Misses the Net.
7:12 of 3rd period - Minor Penalty to Paul Stastny for Roughing.
7:13 of 3rd period - Marcel Goc wins face-off versus Vinny Prospal in Lightning zone.
7:30 of 3rd period - Icing by Vinny Prospal.
7:31 of 3rd period - Vinny Prospal wins face-off versus Tomas Plekanec in Rangers zone.
7:40 of 3rd period - Shot by Stephane Robidas.
7:40 of 3rd period - Shot Blocked by Josh Gorges.
7:44 of 3rd period - Shot by Mike Cammalleri.
7:44 of 3rd period - Shot Misses the Net.
8:27 of 3rd period - Shot by Marc Staal.
8:27 of 3rd period - Stopped by Cory Schneider without a rebound.
8:28 of 3rd period - Tomas Plekanec wins face-off versus Frans Nielsen in Lightning zone.
8:55 of 3rd period - Frans Nielsen is hit by Patrick Sharp and loses puck.
9:41 of 3rd period - Shot by Paul Stastny.
9:41 of 3rd period - Stopped by Niklas Backstrom without a rebound.
9:42 of 3rd period - Tomas Plekanec wins face-off versus Tom Pyatt in Rangers zone.
10:06 of 3rd period - Shot by Scottie Upshall.
10:06 of 3rd period - Deflect By Troy Brouwer.
10:06 of 3rd period - Shot Misses the Net.
11:06 of 3rd period - Shot by Rene Bourque.
11:06 of 3rd period - Stopped by Cory Schneider without a rebound.
11:07 of 3rd period - Frans Nielsen wins face-off versus Marcel Goc in Lightning zone.
11:08 of 3rd period - Shot by Rene Bourque.
11:08 of 3rd period - Stopped by Cory Schneider without a rebound.
11:09 of 3rd period - Marcel Goc wins face-off versus Frans Nielsen in Lightning zone.
11:31 of 3rd period - Rene Bourque is hit by Andy Sutton and loses puck.
11:47 of 3rd period - Teddy Purcell is hit by Luke Schenn and loses puck.
12:25 of 3rd period - Minor Penalty to Stephane Robidas for Hooking.
12:26 of 3rd period - Tom Pyatt wins face-off versus Patrick Sharp in Rangers zone.
13:06 of 3rd period - Icing by Tomas Plekanec.
13:07 of 3rd period - Scott Gomez wins face-off versus Tomas Plekanec in Lightning zone.
13:08 of 3rd period - Shot by Luke Schenn.
13:08 of 3rd period - Stopped by Cory Schneider without a rebound.
13:09 of 3rd period - Tomas Plekanec wins face-off versus Scott Gomez in Lightning zone.
13:09 of 3rd period - Tomas Plekanec is hit by Tom Pyatt.
13:18 of 3rd period - Icing by Brent Seabrook.
13:19 of 3rd period - Tomas Plekanec wins face-off versus Frans Nielsen in Lightning zone.
14:32 of 3rd period - Shot by Marcel Goc.
14:32 of 3rd period - Shot Blocked by Marc Staal.
14:34 of 3rd period - Shot by Teddy Purcell.
14:34 of 3rd period - Stopped by Niklas Backstrom with a rebound.
14:36 of 3rd period - Shot by Scott Hartnell.
14:36 of 3rd period - Stopped by Niklas Backstrom without a rebound.
14:37 of 3rd period - Paul Stastny wins face-off versus Kyle Okposo in Rangers zone.
14:50 of 3rd period - Andrej Meszaros is hit by Guillaume Latendresse.
14:54 of 3rd period - Shot by Scott Gomez.
14:54 of 3rd period - Stopped by Cory Schneider without a rebound.
14:55 of 3rd period - Tom Pyatt wins face-off versus Marcel Goc in Lightning zone.
15:17 of 3rd period - Minor Penalty to Tom Pyatt for Tripping.
15:18 of 3rd period - Frans Nielsen wins face-off versus Paul Stastny in Rangers zone.
15:18 of 3rd period - Frans Nielsen is hit by Patrick Sharp.
16:35 of 3rd period - Icing by Marek Zidlicky.
16:36 of 3rd period - Scott Gomez wins face-off versus Tomas Plekanec in Lightning zone.
17:21 of 3rd period - Shot by Scott Hartnell.
17:21 of 3rd period - Shot Blocked by Rene Bourque.
17:41 of 3rd period - Shot by Scott Hartnell.
17:41 of 3rd period - Goal by Scott Hartnell - Lightning : 3 - Rangers : 6.
17:42 of 3rd period - Scott Gomez wins face-off versus Paul Stastny in neutral zone.
17:53 of 3rd period - Shot by Patrick Kane.
17:53 of 3rd period - Stopped by Niklas Backstrom without a rebound.
17:54 of 3rd period - Tomas Plekanec wins face-off versus Tom Pyatt in Rangers zone.
17:59 of 3rd period - Shot by Martin Havlat.
17:59 of 3rd period - Stopped by Niklas Backstrom without a rebound.
18:00 of 3rd period - Vinny Prospal wins face-off versus Tomas Plekanec in Rangers zone.
18:00 of 3rd period - Vinny Prospal is hit by Martin Havlat.
18:07 of 3rd period - Icing by Marc Staal.
18:08 of 3rd period - Vinny Prospal wins face-off versus Paul Stastny in Rangers zone.
18:10 of 3rd period - Marc Staal is hit by Brent Seabrook and loses puck.
18:27 of 3rd period - Icing by Marc Staal.
18:28 of 3rd period - Patrick Sharp wins face-off versus Vinny Prospal in Rangers zone.
18:59 of 3rd period - Frans Nielsen is hit by Andrej Meszaros and loses puck.
19:25 of 3rd period - Radim Vrbata is hit by Tim Gleason.


Output by the SimonT Hockey Simulator (STHS) for Stephane Roy -- Original Page W3C XHTML 1.0 Valid